cohdb
Replays
Latest Replays
All Replays
Popular Replays
Top Player Replays
Match Explorer
How It Works
Community
CoH3 Stats
Reddit
Sign in to upload your games and track your stats! →
Sign in with Steam
Match 42765023
Unlisted
Match 42765023
Overview
Messages
Build Orders
End
250 Light Carrier
Selects Panzerjäger Kommand Battlegroup
Selects Mine Fields
Panzerpioneer Squad
Panzergrenadier Squad
Panzergrenadier Squad
Construct Light Support Kompanie
2.5-tonne Medical Truck
Selects GrB 39 Grenade Launcher Requisition
Fire Support Elements
Pak 38 Mechanized Group
Veteran Squad Leaders
Combat Half-tracks
Selects Defensive Positions
Construct Panzerarmee Kommand
Panzergrenadier Squad
Walking Stuka Rocket Launcher
Vehicle Survival Package
Selects Butterfly Bomb Drop
Butterfly Bomb Drop
DeathMiz
【嗜血狼族】灵狐魅儿
elfen
이공수
Generick
wila
LittleFatty233
MIKOYAN
0
0
Comments
sign in to comment!
No comments posted yet!